 Dungeon Crawl Stone Soup version 0.14-a0-2162-g062a2ce (webtiles) character file.

362459 RedPan the Devastator (level 21, -30/110 HPs)
             Began as a Deep Elf Wizard on Jan 26, 2014.
             Was the Champion of Vehumet.
             Killed from afar by a spriggan air mage (37 damage)
             ... with a bolt of lightning
             ... led by a spriggan defender
             ... on Level 4 of the Enchanted Forest on Jan 28, 2014.
             The game lasted 08:46:53 (93876 turns).

RedPan the Devastator (Deep Elf Wizard)            Turns: 93876, Time: 08:46:54

HP -30/110       AC 11     Str  8      XL: 21   Next: 44%
MP   5/45        EV 22     Int 34      God: Vehumet [******]
Gold 3565        SH 10     Dex 13      Spells: 11 memorised, 13 levels left

rFire  . . .     SeeInvis +     m - staff of energy
rCold  . . .     Clarity  +     R - +2 orc robe {MR+}
rNeg   . . .     Conserve .     F - +2 buckler {AC+3}
rPois  +         rCorr    .     b - -1 elf hat (curse)
rElec  .         rRot     .     e - +2 elf cloak {rPois}
SustAb . .       Spirit   .     o - +0 pair of gloves
rMut   .         Warding  .     M - +0 pair of boots (curse)
Saprov . . .     Stasis   .     N - amulet of clarity
MR     +++..                    B - cursed ring of see invisible
                                C - +4 ring of intelligence

@: regenerating, about to teleport, extremely resistant to hostile enchantments,
stealthy
A: magic resistance 1
a: Renounce Religion
}: 2/15 runes: decaying, gossamer


You were on level 4 of the Enchanted Forest.
You worshipped Vehumet.
Vehumet was exalted by your worship.
You were very hungry.

You visited 8 branches of the dungeon, and saw 47 of its levels.

You collected 4587 gold pieces.
You spent 1022 gold pieces at shops.

Inventory:

Armour
 b - a cursed -1 elven hat (worn)
 e - a +2 elven cloak of poison resistance (worn)
 o - a +0 pair of gloves (worn)
 F - a +2 buckler of protection (worn)
 M - a cursed +0 pair of boots (worn)
 R - a +2 orcish robe of magic resistance (worn)
Magical devices
 k - a wand of polymorph (9)
 v - a wand of digging (10)
 A - a wand of teleportation (1)
 T - a wand of invisibility (2)
Comestibles
 c - 3 bread rations
Scrolls
 i - 2 scrolls of amnesia
 l - a scroll of summoning
 n - 3 scrolls of remove curse
 p - 3 scrolls of identify
 q - 2 scrolls of magic mapping
 r - 2 scrolls of teleportation
 u - 2 scrolls of fear
 y - 3 scrolls of fog
 D - a scroll of brand weapon {unknown}
 O - a scroll of recharging
 P - a scroll of enchant weapon I
Jewellery
 x - a cursed ring of positive energy
 z - a cursed ring of protection from cold
 B - a cursed ring of see invisible (right hand)
 C - a +4 ring of intelligence (left hand)
 H - an uncursed amulet of resist corrosion
 I - a cursed amulet of conservation
 J - the ring of the Illusory Tales {rF+ Str+3}
   (You found it on level 8 of the Lair of Beasts)

   [ring of strength]

   It affects your strength (+3).
   It protects you from fire.
 N - an amulet of clarity (around neck)
Potions
 a - a potion of magic
 d - a potion of paralysis {unknown}
 f - 2 potions of flight
 g - a potion of speed
 h - 3 potions of invisibility
 j - a potion of restore abilities
 s - 2 potions of curing
 t - 2 potions of brilliance
 E - 2 potions of resistance
Magical staves
 m - an uncursed staff of energy (weapon)


   Skills:
 - Level 5.0 Fighting
 - Level 18.8 Dodging
 - Level 2.4 Stealth
 - Level 1.0 Shields
 - Level 20.0 Spellcasting
 + Level 22.1 Conjurations
 - Level 12.3 Charms
   Level 1.1 Summonings
 - Level 1.1 Translocations
 + Level 21.8 Fire Magic


You had 13 spell levels left.
You knew the following spells:

 Your Spells              Type           Power        Failure   Level  Hunger
a - Magic Dart            Conj           ####         0%          1    None
b - Blink                 Tloc           N/A          1%          2    None
c - Mephitic Cloud        Conj/Pois/Air  ######..     1%          3    None
d - Haste                 Chrm           #######.     1%          6    None
e - Throw Icicle          Conj/Ice       #######.     1%          4    None
f - Fireball              Conj/Fire      ########..   0%          5    None
g - Bolt of Fire          Conj/Fire      ########..   1%          6    None
h - Regeneration          Chrm/Necr      ######....   1%          3    None
i - Delayed Fireball      Conj/Fire      N/A          1%          7    None
j - Iron Shot             Conj/Erth      #######...   1%          6    None
k - Fire Storm            Conj/Fire      ########..   4%          9    None


Dungeon Overview and Level Annotations

Branches:
Dungeon (16/16)            Temple (1/1) D:4             Orc (4/4) D:11
    Elf (0/3) Orc:4          Lair (8/8) D:11          Swamp (5/5) Lair:3
 Spider (5/5) Lair:5        Slime (0/6) Lair:7       Vaults (4/5) D:15
  Blade (0/1) Vaults:4       Tomb (0/3) Forest:2     Forest (4/5) Vaults:2
 Depths (0/6) D:16

Altars:
Ashenzari
Cheibriados
Dithmengos
Elyvilon
Fedhas
Kikubaaqudgha
Makhleb
Nemelex Xobeh
Okawaru
Sif Muna
Trog
Vehumet
Xom
Yredelemnul
Zin
The Shining One
Beogh
Jiyva

Shops:
D:8 [   D:13 *   Orc:4 ::*(?

Annotations:
D:6 HollowCharge's ghost, experienced LOAK
Vaults:2 Mennas
Forest:4 exclusion: oklob plant


Innate Abilities, Weirdness & Mutations

You are resistant to hostile enchantments.


Message History

A spriggan air mage comes into view.
The spriggan defender hits you with a glowing demon whip!
The spriggan defender freezes you!
Eat which item? (? for menu, Esc to quit)
Okay, then.
Drink which item? (? for menu, Esc to quit)
Okay, then.
Read which item? (? for menu, Esc to quit)
As you read the scroll of teleportation, it crumbles to dust.
You feel strangely unstable.
The spriggan defender hits you with a demon whip of freezing!
* * * LOW HITPOINT WARNING * * *
The spriggan defender freezes you.
* * * LOW HITPOINT WARNING * * *
The spriggan air mage waves its arms in wide circles.
The air twists around and strikes you!
* * * LOW HITPOINT WARNING * * *
The spriggan air mage casts a spell at you.
The bolt of lightning hits you!
You die...

..♣♣♣.≈≈≈. ♣....♣
.........♣♣..♣..♣♣ ♣♣
...[....♣♣♣♣♣♣.)♣♣♣♣♣♣♣
...i.i..%..♣.♣♣♣..♣♣♣♣.♣
♣♣..i.$.♣♣♣....♣..b.
♣♣♣..♣♣♣♣.♣...♣♣...≈
♣♣♣i♣♣♣.........P≈≈
♣♣♣.....♣♣......≈≈≈
♣♣@i.♣P..P......≈≈≈
♣♣......♣♣...♣♣♣♣.≈≈≈
.......♣♣...♣♣.♣♣♣♣♣♣.≈.
♣...♣...♣....♣..♣♣♣♣♣..♣
♣♣..♣..♣♣♣♣♣(♣♣♣♣♣♣♣....
♣.♣♣..♣♣♣♣..♣♣♣♣♣♣♣....
♣..♣.♣ ♣♣♣..♣♣♣........
♣♣♣....♣♣♣♣♣.♣♣♣.♣♣♣♣...
.......♣♣♣♣.♣..♣.♣♣♣♣♣...


You could see a spriggan defender and 2 spriggan air magi.

Vanquished Creatures
  Sojobo (Forest:4)
  Margery (Vaults:2)
  A bone dragon (Swamp:5)
  Nikola (Swamp:1)
  A storm dragon (Vaults:3)
  2 thorn hunters
  3 sphinxes
  Rupert (D:15)
  Frances (Vaults:1)
  Kirke (Swamp:1)
  A tengu reaver (Forest:4)
  3 ghost moths (Spider:5)
  Donald (Spider:3)
  A fire giant (Vaults:4)
  Maud (D:16)
  5 vault wardens
  Aizul (Swamp:1)
  5 emperor scorpions
  2 ancient bears
  Jorgrun (Swamp:5)
  4 treants (Forest:2)
  7 stone giants
  2 apis (Forest:4)
  Azrael (D:15)
  A dire elephant (Forest:3)
  3 satyrs
  11 spriggan air magi
  Snorg (Lair:7)
  An ettin (Orc:4)
  5 ironheart preservers
  A fire dragon (D:16)
  10 vault guards
  A great orb of eyes (Vaults:3)
  15 yaktaur captains
  23 hydras
  24 spriggans
  Josephine (D:15)
  Nessos (Spider:1)
  A ravenous item mimic (Vaults:2)
  4 anacondas
  A ravenous feature mimic (Vaults:3)
  9 spriggan berserkers
  2 spriggan assassins
  A spriggan druid (Forest:2)
  3 spriggan enchanters
  4 dancing weapons (Vaults:4)
  22 death yaks
  2 deep troll earth magi (Vaults:4)
  11 ogre magi
  19 centaur warriors
  3 deep troll shamans
  7 dryads
  9 alligators
  Urug (Orc:2)
  5 fire crabs
  5 water nymphs
  Nergalle (Orc:1)
  3 catoblepae (Lair:8)
  A very ugly thing (Vaults:2)
  2 hell knights (Vaults:2)
  4 iron trolls
  An unseen horror (shapeshifter) (Vaults:3)
  15 fauns
  6 unseen horrors
  2 deep trolls (Vaults:4)
  A death drake (Swamp:5)
  8 hill giants
  A lindwurm (Lair:5)
  Erolcha (Orc:1)
  A spectral hydra (Swamp:5)
  8 swamp dragons
  2 necromancers (Vaults:2)
  A giant orange brain (Vaults:4)
  3 giant amoebae
  4 orc sorcerers
  A phantasmal warrior (Swamp:5)
  7 griffons
  Joseph (Orc:1)
  17 orc knights
  6 ironbrand convokers
  40 wolf spiders
  A harpy (D:16)
  3 cyclopes
  5 oklob plants
  2 spiny worms
  15 red wasps
  A draconian (shapeshifter) (D:16)
  3 elephants (Lair:8)
  8 vault sentinels
  7 black mambas
  2 item mimics
  5 swamp worm zombies (Swamp:5)
  2 centaur zombies (D:16)
  35 spiny frogs
  3 fire drakes
  44 yaktaurs
  6 demonic crawlers
  17 orb spiders
  A guardian mummy (Forest:2)
  A deep elf priest (Vaults:2)
  A naga mage (D:16)
  5 hydra zombies
  A komodo dragon (shapeshifter) (Vaults:3)
  22 giant fireflies
  5 komodo dragons
  A jumping spider (shapeshifter) (Vaults:3)
  A blue devil (Vaults:1)
  A polar bear (Lair:7)
  5 trolls
  5 wind drakes
  5 giant leeches
  2 boulder beetles
  10 thorn lotuses
  34 jumping spiders
  47 slime creatures
  5 spectral swamp dragons (Swamp:5)
  26 trapdoor spiders
  A hydra skeleton (D:15)
  20 two-headed ogres
  5 baby alligators
  2 shadows (D:16)
  5 alligator zombies (Swamp:5)
  13 blink frogs
  14 bog bodies
  2 grizzly bears
  2 ravens
  3 wraiths
  88 ugly things
  5 formicids
  2 basilisks
  26 tarantellas
  16 air elementals
  16 water elementals
  A griffon skeleton (D:15)
  58 redbacks
  A fire dragon skeleton (D:15)
  4 sharks
  2 elephant slugs
  4 wyverns
  A steam dragon (Lair:4)
  2 hungry ghosts
  Grum (D:10)
  56 vampire mosquitoes
  48 yaks
  3 fire elementals (D:15)
  13 hippogriffs
  3 deep elf fighters
  4 manticores
  A hill giant skeleton (D:10)
  53 swamp worms
  12 swamp drakes
  4 hell hounds (D:15)
  27 wolves
  A necrophage (D:15)
  34 orc warriors
  5 mottled dragons
  5 freezing wraiths
  4 phantoms
  4 yellow wasps
  8 porcupines
  17 giant goldfish
  64 ogres
  3 swamp dragon zombies (Swamp:5)
  2 sky beasts
  5 ice beasts
  2 black bears
  22 centaurs
  2 orc skeletons
  5 boring beetles
  14 crocodiles
  A warg (Vaults:4)
  11 giant slugs
  2 brain worms
  2 big kobolds
  A gnoll sergeant (D:8)
  22 water moccasins
  39 insubstantial wisps
  22 giant frogs
  13 agate snails
  A manticore skeleton (D:10)
  27 killer bees
  11 jellyfish
  2 troll skeletons
  21 electric eels
  An orc simulacrum (D:15)
  9 wights
  3 goliath beetles
  11 crimson imps
  4 jellies
  16 big fish
  31 orc priests
  12 scorpions
  A giant frog zombie (D:12)
  A gnoll shaman (D:6)
  30 spiders
  2 giant frog skeletons
  13 hounds
  A spectral swamp drake (Swamp:5)
  14 worker ants
  2 centaur skeletons (D:11)
  44 orc wizards
  7 iguanas
  A killer bee zombie (D:14)
  8 sheep (Lair:1)
  4 boggarts (Vaults:2)
  An ogre zombie (D:5)
  A mottled dragon skeleton (D:15)
  A hound skeleton (D:4)
  12 mummies (Forest:2)
  14 gnolls
  23 adders
  36 green rats
  4 orc zombies
  A swamp drake zombie (Swamp:5)
  3 giant centipedes
  A steam dragon zombie (D:7)
  An inept feature mimic (D:5)
  A shadow imp (D:11)
  4 giant mites
  A worm (D:7)
  A giant eyeball (D:11)
  An ooze (D:3)
  225 orcs
  20 bats
  4 giant cockroaches
  22 goblins
  24 hobgoblins
  14 quokkas
  A ball python (D:2)
  7 giant geckos
  A giant gecko zombie (D:7)
  3 giant newts
  3 giant spores
  A goblin skeleton (D:4)
  36 jackals
  30 kobolds
  19 rats
  A rat zombie (D:5)
  7 ballistomycetes
  2 bushes (Lair:7)
  A butterfly (Forest:1)
  4 fungi
  10 plants
  A snaplasher vine (Forest:1)
2376 creatures vanquished.

Vanquished Creatures (collateral kills)
  An adder (Lair:2)
1 creature vanquished.

Vanquished Creatures (others)
  A tengu reaver (Forest:4)
  A hydra (Swamp:1)
  9 fire vortices
  5 humans (Swamp:1)
  A water moccasin (Swamp:1)
  A giant frog (Swamp:5)
  A bush (Lair:7)
  10 fungi
  8 plants
37 creatures vanquished.

Grand Total: 2414 creatures vanquished

Notes
Turn   | Place    | Note
--------------------------------------------------------------
     0 | D:1      | RedPan, the Deep Elf Wizard, began the quest for the Orb.
     0 | D:1      | Reached XP level 1. HP: 10/10 MP: 6/6
   181 | D:1      | Reached XP level 2. HP: 15/15 MP: 1/9
   239 | D:1      | Learned a level 2 spell: Blink
   880 | D:2      | Reached XP level 3. HP: 19/19 MP: 6/12
   885 | D:2      | Learned a level 3 spell: Mephitic Cloud
  1006 | D:2      | Found a white marble altar of Elyvilon.
  1476 | D:2      | Reached XP level 4. HP: 17/24 MP: 6/15
  1809 | D:2      | Found an ancient bone altar of Kikubaaqudgha.
  1812 | D:2      | Found a burning altar of Makhleb.
  1813 | D:2      | Found a shattered altar of Ashenzari.
  2240 | D:3      | Reached skill level 5 in Conjurations
  2287 | D:3      | Reached XP level 5. HP: 12/28 MP: 0/18
  3160 | D:4      | Noticed an ogre
  3179 | D:4      | Killed an ogre
  3179 | D:4      | Reached skill level 6 in Conjurations
  3396 | D:4      | Reached XP level 6. HP: 32/32 MP: 11/20
  3547 | D:4      | Found a staircase to the Ecumenical Temple.
  3552 | D:4      | Reached skill level 7 in Conjurations
  3611 | D:4      | Reached skill level 8 in Conjurations
  3682 | D:4      | Learned a level 3 spell: Conjure Flame
  3785 | D:4      | Noticed an ogre
  3792 | D:4      | Killed an ogre
  3792 | D:4      | Reached skill level 1 in Fire Magic
  3792 | D:4      | Reached XP level 7. HP: 36/36 MP: 12/21
  3893 | Temple   | Entered the Ecumenical Temple
  4002 | Temple   | Became a worshipper of Vehumet
  4030 | D:5      | Entered Level 5 of the Dungeon
  4994 | D:5      | Reached skill level 9 in Conjurations
  5450 | D:5      | Found a blossoming altar of Fedhas.
  5526 | D:5      | Learned a level 4 spell: Throw Icicle
  5532 | D:6      | Noticed HollowCharge's ghost (experienced LOAK)
  5532 | D:6      | Reached XP level 8. HP: 41/41 MP: 13/23
  5712 | D:6      | Acquired Vehumet's first power
  5712 | D:6      | Offered knowledge of Flame Tongue by Vehumet.
  5961 | D:6      | Reached skill level 5 in Spellcasting
  6920 | D:7      | Reached skill level 5 in Fire Magic
  7701 | D:8      | Offered knowledge of Shock by Vehumet.
  7751 | D:8      | Reached skill level 10 in Conjurations
  8004 | D:8      | Reached XP level 9. HP: 45/45 MP: 14/28
  8615 | D:8      | Found Nogex's Armour Shoppe.
  8970 | D:8      | Offered knowledge of Throw Flame by Vehumet.
  9371 | D:8      | Acquired Vehumet's second power
  9805 | D:9      | Learned a level 5 spell: Fireball
  9834 | D:9      | Reached skill level 11 in Conjurations
 10049 | D:9      | Reached XP level 10. HP: 50/50 MP: 8/30
 10156 | D:9      | Offered knowledge of Stone Arrow by Vehumet.
 10482 | D:10     | Entered Level 10 of the Dungeon
 10484 | D:10     | Noticed Grum
 11134 | D:10     | Reached skill level 10 in Fire Magic
 11191 | D:10     | Killed Grum
 11872 | D:10     | Reached skill level 12 in Conjurations
 11876 | D:10     | Acquired Vehumet's third power
 12207 | D:10     | Offered knowledge of Olgreb's Toxic Radiance by Vehumet.
 12207 | D:10     | Reached skill level 5 in Dodging
 12430 | D:10     | Reached XP level 11. HP: 48/54 MP: 2/31
 13031 | D:11     | Noticed an unseen horror
 13035 | D:11     | Killed an unseen horror
 13285 | D:11     | Found a staircase to the Lair.
 13296 | D:11     | Paralysed by a giant eyeball for 4 turns
 13568 | D:11     | Reached skill level 1 in Fighting
 13921 | D:11     | Noticed a hill giant
 13925 | D:11     | Killed a hill giant
 14182 | D:11     | Found a staircase to the Orcish Mines.
 14548 | D:11     | Noticed an unseen horror
 14629 | D:11     | Killed an unseen horror
 14629 | D:11     | Offered knowledge of Bolt of Fire by Vehumet.
 14637 | D:11     | Learned a level 6 spell: Bolt of Fire
 15138 | Lair:1   | Entered Level 1 of the Lair of Beasts
 15272 | Lair:1   | Noticed a four-headed hydra
 15279 | Lair:1   | Killed a four-headed hydra
 16673 | Lair:2   | Reached skill level 5 in Fighting
 16931 | Lair:2   | Reached skill level 10 in Dodging
 17157 | Lair:2   | Reached XP level 12. HP: 8/68 MP: 12/32
 17224 | Lair:2   | Offered knowledge of Airstrike by Vehumet.
 18369 | Lair:3   | Reached skill level 13 in Conjurations
 18944 | Lair:3   | Found a staircase to the Swamp.
 19216 | Lair:3   | Reached skill level 10 in Spellcasting
 20295 | Lair:4   | Noticed a seven-headed hydra
 20297 | Lair:4   | Killed a seven-headed hydra
 20957 | Lair:2   | Learned a level 3 spell: Regeneration
 21261 | Lair:5   | Found a hole to the Spider Nest.
 21277 | Lair:5   | Reached skill level 1 in Charms
 21472 | Lair:5   | Reached XP level 13. HP: 59/72 MP: 14/36
 23744 | Lair:7   | Reached skill level 5 in Charms
 23755 | Lair:7   | Reached skill level 14 in Spellcasting
 23987 | Lair:2   | Learned a level 6 spell: Haste
 24669 | Lair:7   | Found a viscous altar of Jiyva.
 24670 | Lair:7   | Found a staircase to the Slime Pits.
 24838 | Lair:7   | Noticed Snorg
 24842 | Lair:7   | Killed Snorg
 25643 | Lair:7   | Offered knowledge of Bolt of Magma by Vehumet.
 26430 | Lair:8   | Entered Level 8 of the Lair of Beasts
 26847 | Lair:8   | Reached XP level 14. HP: 78/78 MP: 36/38
 27352 | Lair:8   | Reached skill level 15 in Conjurations
 28261 | Lair:8   | Got a wavering wooden ring
 28262 | Lair:8   | Identified the ring of the Illusory Tales {rF+ Str+3} (You found it on level 8 of the Lair of Beasts)
 29539 | Lair:2   | Identified a scroll of acquirement
 29562 | Lair:2   | Gained mutation: You are resistant to hostile enchantments. [potion of beneficial mutation]
 29660 | Orc:1    | Entered Level 1 of the Orcish Mines
 29663 | Orc:1    | Offered knowledge of Poisonous Cloud by Vehumet.
 29667 | Orc:1    | Noticed Joseph
 29669 | Orc:1    | Killed Joseph
 29972 | Orc:1    | Noticed Erolcha
 30190 | Orc:1    | Killed Erolcha
 30960 | Orc:2    | Noticed Nergalle
 30966 | Orc:1    | Killed Nergalle
 31287 | Orc:2    | Reached skill level 15 in Fire Magic
 31296 | Orc:2    | Noticed Urug
 31301 | Orc:2    | Killed Urug
 31387 | Orc:2    | Offered knowledge of Conjure Ball Lightning by Vehumet.
 32752 | Orc:3    | Offered knowledge of Poison Arrow by Vehumet.
 32900 | Orc:3    | Reached skill level 10 in Charms
 33117 | Orc:4    | Entered Level 4 of the Orcish Mines
 33506 | Orc:4    | Found Mnexup's Weapon Shop.
 33506 | Orc:4    | Found Khaitwel's Book Emporium.
 33506 | Orc:4    | Found Klah's Magic Scroll Shoppe.
 33506 | Orc:4    | Found Neheh's Assorted Antiques.
 33597 | Orc:4    | Reached skill level 16 in Conjurations
 34471 | Orc:4    | Bought a scroll of identify for 22 gold pieces
 34471 | Orc:4    | Bought a scroll of identify for 22 gold pieces
 34471 | Orc:4    | Bought a scroll of teleportation for 33 gold pieces
 34473 | Orc:4    | Bought a shiny brass wand for 540 gold pieces
 34473 | Orc:4    | Bought a hardcover book for 405 gold pieces
 34486 | Orc:4    | Reached XP level 15. HP: 82/82 MP: 24/38
 34842 | Orc:4    | Found Clurrainu's Book Shop.
 34950 | Orc:4    | Found a staircase to the Elven Halls.
 35159 | Lair:1   | Offered knowledge of Delayed Fireball by Vehumet.
 35170 | Lair:1   | Learned a level 7 spell: Delayed Fireball
 35177 | Lair:1   | Learned a level 6 spell: Iron Shot
 36714 | D:13     | Found Nidecw's General Store.
 38202 | D:14     | Offered knowledge of Fire Storm by Vehumet.
 38202 | D:14     | Offered knowledge of Chain Lightning by Vehumet.
 38202 | D:14     | Offered knowledge of Tornado by Vehumet.
 39118 | D:15     | Entered Level 15 of the Dungeon
 39290 | D:15     | Noticed Josephine
 39293 | D:15     | Killed Josephine
 39672 | D:15     | Reached skill level 17 in Conjurations
 39898 | D:15     | Found a gate to the Vaults.
 40456 | D:15     | Noticed Rupert
 40462 | D:15     | Killed Rupert
 40721 | D:15     | Noticed Azrael
 40738 | D:15     | Killed Azrael
 41056 | D:16     | Entered Level 16 of the Dungeon
 41205 | D:16     | Noticed Maud
 41208 | D:16     | Killed Maud
 41791 | D:16     | Found a staircase to the Depths.
 41888 | D:16     | Reached XP level 16. HP: 87/87 MP: 33/39
 43232 | Spider:1 | Entered Level 1 of the Spider Nest
 43835 | Spider:1 | Reached skill level 15 in Spellcasting
 44021 | Spider:1 | Noticed Nessos
 44024 | Spider:1 | Killed Nessos
 46511 | Spider:3 | Noticed Donald
 46812 | Spider:3 | Killed Donald
 49415 | Spider:5 | Entered Level 5 of the Spider Nest
 51224 | Spider:5 | Reached skill level 18 in Spellcasting
 51615 | Spider:5 | Reached XP level 17. HP: 79/92 MP: 28/42
 53948 | Spider:5 | Got a gossamer rune of Zot
 53978 | Spider:5 | Reached skill level 19 in Spellcasting
 54556 | Swamp:1  | Entered Level 1 of the Swamp
 54732 | Swamp:1  | Noticed Aizul
 54739 | Swamp:1  | Killed Aizul
 54931 | Swamp:1  | Noticed Nikola
 54941 | Swamp:1  | Killed Nikola
 55748 | Swamp:1  | Noticed Kirke
 55752 | Swamp:1  | Killed Kirke
 57322 | Swamp:2  | Reached skill level 20 in Spellcasting
 57651 | Swamp:2  | Got a faintly glowing morningstar
 57652 | Swamp:2  | Identified the cursed -2,-1 morningstar of Ycoomn {flame, Str+2} (You found it on level 2 of the Swamp)
 61655 | Swamp:4  | Reached XP level 18. HP: 96/96 MP: 33/43
 62203 | Swamp:4  | Reached skill level 15 in Dodging
 62712 | Swamp:5  | Entered Level 5 of the Swamp
 64851 | Swamp:5  | Noticed Jorgrun
 64855 | Swamp:5  | Killed Jorgrun
 67030 | Swamp:5  | Noticed a bone dragon
 67727 | Swamp:5  | Killed a bone dragon
 68026 | Swamp:5  | Got a decaying rune of Zot
 69502 | Vaults:1 | Entered Level 1 of the Vaults
 70247 | Vaults:1 | Noticed Frances
 70253 | Vaults:1 | Killed Frances
 72577 | Vaults:2 | Noticed Margery
 73538 | Vaults:2 | Reached XP level 19. HP: 89/100 MP: 15/44
 74478 | Vaults:2 | Found a roughly hewn altar of Beogh.
 74541 | Vaults:2 | Found a staircase to the Enchanted Forest.
 74550 | Vaults:2 | Killed Margery
 76020 | Vaults:2 | Noticed Mennas
 81881 | Vaults:4 | Reached XP level 20. HP: 106/106 MP: 33/45
 82615 | Vaults:4 | HP: 4/106 [ogre mage/crystal spear[an ironheart preserver] (53)]
 84500 | Vaults:4 | Found a staircase to the Hall of Blades.
 84766 | Vaults:4 | Upgraded the game from 0.14-a0-2100-g3cf34dd to 0.14-a0-2162-g062a2ce
 85085 | Lair:2   | Learned a level 9 spell: Fire Storm
 85498 | Forest:1 | Entered Level 1 of the Enchanted Forest
 87512 | Forest:1 | Reached skill level 21 in Conjurations
 88447 | Forest:2 | Found a staircase to the Tomb.
 90221 | Forest:2 | Reached XP level 21. HP: 110/110 MP: 37/45
 93315 | Forest:4 | Noticed Sojobo
 93324 | Forest:4 | Reached skill level 22 in Conjurations
 93327 | Forest:4 | Killed Sojobo
 93811 | Forest:4 | Reached skill level 1 in Shields
 93876 | Forest:4 | Killed from afar by a spriggan air mage

Action                   |  1- 3 |  4- 6 |  7- 9 | 10-12 | 13-15 | 16-18 | 19-21 || total
-------------------------+-------+-------+-------+-------+-------+-------+-------++-------
Melee: Spear             |       |    44 |    10 |    20 |   105 |    29 |    14 ||   222
       Staff             |       |       |       |       |       |       |     9 ||     9
       Halberd           |       |       |       |       |       |       |     2 ||     2
 Cast: Magic Dart        |    87 |   133 |   458 |   420 |   410 |    52 |       ||  1560
       Mephitic Cloud    |       |     7 |    12 |     3 |       |       |       ||    22
       Blink             |       |     2 |       |     2 |       |     5 |     2 ||    11
       Throw Icicle      |       |       |    35 |   179 |   186 |   149 |    21 ||   570
       Fireball          |       |       |       |    70 |    95 |    86 |    87 ||   338
       Bolt of Fire      |       |       |       |    64 |   390 |   778 |   553 ||  1785
       Haste             |       |       |       |       |    13 |    40 |     9 ||    62
       Regeneration      |       |       |       |       |     4 |     1 |     3 ||     8
       Iron Shot         |       |       |       |       |     2 |   112 |   108 ||   222
       Delayed Fireball  |       |       |       |       |     2 |    13 |     9 ||    24
       Fire Storm        |       |       |       |       |       |       |    10 ||    10
 Abil: Release Delayed F |       |       |       |       |     2 |    13 |     9 ||    24
Evoke: Wand              |       |       |    14 |     5 |     6 |     9 |     5 ||    39
  Use: Scroll            |     3 |     3 |    20 |     9 |     9 |    21 |     6 ||    71
       Potion            |       |     1 |       |     1 |     2 |    20 |    11 ||    35
 Stab: Confused          |       |       |     3 |       |       |       |       ||     3
       Distracted        |       |       |       |       |     1 |       |       ||     1
